 Dungeon Crawl Stone Soup version 0.28.0-1-gb440e238dd (webtiles) character file.

Game seed: 16383655595614105752

2548 pkoi the Zephyrmancer (level 9, 0/67 HPs)
             Began as a Pale Draconian Air Elementalist on Feb 25, 2022.
             Was an Initiate of Sif Muna.
             Slain by a wyvern (9 damage)
             ... on level 6 of the Dungeon.
             The game lasted 00:11:49 (12395 turns).

pkoi the Zephyrmancer (DrAE)                       Turns: 12395, Time: 00:11:50

Health: 0/67       AC:  8    Str: 11    XL:     9   Next: 30%
Magic:  3/15       EV: 12    Int: 22    God:    Sif Muna [......]
Gold:   185        SH:  0    Dex: 11    Spells: 5/16 levels left

rFire   . . .      SeeInvis .   e - +5 long sword of the Middle {drain, rElec rPois Int+2}
rCold   . . .      Faith    .   (no shield)
rNeg    . . .      Spirit   .   (armour unavailable)
rPois   +          Reflect  .   (helmet restricted)
rElec   +          Harm     .   (no cloak)
rCorr   .          Rampage  .   k - +0 pair of gloves
Will    .....                   (no boots)
Stlth   ++........              (no amulet)
HPRegen 0.21/turn               (no ring)
MPRegen 0.14/turn               (no ring)

@: short of breath
A: breathe steam, AC +7, unfitting armour, cold-blooded, steam resistance
a: Breathe Steam, Renounce Religion


You were on level 6 of the Dungeon.
You worshipped Sif Muna.
Sif Muna was noncommittal.
You visited 2 branches of the dungeon, and saw 8 of its levels.

You collected 238 gold pieces.
You spent 53 gold pieces at shops.

Inventory:

Hand Weapons
 a - a +0 short sword of freezing
 e - the +5 long sword of the Middle (weapon) {drain, rElec rPois Int+2}
   (You found it on level 3 of the Dungeon)

   A truly terrible weapon, it drains the life of any living foe it strikes.
   Int:       It affects your intelligence (+2).
   rElec:     It insulates you from electricity.
   rPois:     It protects you from poison.
 g - a +1 dagger of electrocution
Armour
 k - a +0 pair of gloves (worn)
Jewellery
 h - a +6 ring of strength
Wands
 l - a wand of flame (30)
 n - a wand of paralysis (9)
Scrolls
 b - 3 scrolls of teleportation
 d - a scroll of amnesia
 f - a scroll of identify
Potions
 c - a potion of ambrosia
 i - 3 potions of curing
 j - a potion of heal wounds
 m - a potion of degeneration {unknown}
 o - 2 potions of haste {unknown}
 p - a potion of magic
 r - a potion of resistance {unknown}
 s - a potion of cancellation {unknown}


   Skills:
 + Level 2.0 Fighting
 + Level 2.6 Dodging
 - Level 1.7 Stealth
 + Level 2.0 Unarmed Combat
 + Level 4.3 Spellcasting
 + Level 4.2 Conjurations
 + Level 0.7 Hexes
 + Level 1.1 Fire Magic
 + Level 11.6 Air Magic
 + Level 0.6 Invocations


You had 5 spell levels left.
You knew the following spells:

 Your Spells              Type           Power      Damage    Failure   Level
a - Shock                 Conj/Air       100%       1d9       1%          1
b - Swiftness             Air            54%        N/A       1%          3
c - Airstrike             Air            27%        N/A       1%          4
d - Inner Flame           Hex/Fire       8%         N/A       22%         3

Your spell library contained the following spells:

 Spells                   Type           Power      Damage    Failure   Level
 Static Discharge         Conj/Air       39%        N/A       1%          2
 Foxfire                  Conj/Fire      64%        2x1d7     3%          1
 Conjure Flame            Conj/Fire      16%        6-21      11%         3
 Ensorcelled Hibernation  Hex/Ice        12%        N/A       14%         2
 Passwall                 Tmut/Erth      3%         N/A       17%         2
 Flame Wave               Conj/Fire      16%        2d6       36%         4
 Summon Forest            Summ/Tloc      2%         N/A       97%         5
 Eringya's Noxious Bog    Tmut/Pois      2%         N/A       100%        6
 Summon Hydra             Summ           2%         N/A       100%        7


Dungeon Overview and Level Annotations

Branches:
Dungeon (7/15)             Temple (1/1) D:6

Altars:
Ashenzari
Cheibriados
Dithmenos
Elyvilon
Fedhas
Gozag
Hepliaklqana
Kikubaaqudgha
Makhleb
Nemelex Xobeh
Okawaru
Qazlal
Ru
Sif Muna
Trog
Uskayaw
Wu Jian
Xom
The Shining One
Beogh

Shops:
D:1 *[[

Annotations:
D:6 3 runed translucent doors, Strat's ghost, novice MfGl


Innate Abilities, Weirdness & Mutations

You can breathe blasts of scalding, opaque steam.
Your pale cyan-grey scales are hard. (AC +7)
You cannot fit into any form of body armour.
You are cold-blooded and may be slowed by cold attacks.
You are immune to the effects of steam.


Message History

The wyvern barely misses you.
The killer bee zombie barely misses you.
The wyvern bites you but does no damage.
There is a stone staircase leading up, spattered with blood here.
The killer bee zombie barely misses you.
The wyvern bites you but does no damage.
The killer bee zombie misses you.
You climb upwards.
Level annotation: 3 runed translucent doors, Strat's ghost, novice MfGl
There is a stone staircase leading down, spattered with blood here.
The wyvern closely misses you.
You see here a +0 club.
The wyvern barely misses you. The wyvern bites you!
* * * LOW HITPOINT WARNING * * *
There is an open door here.
Things that are here:
a +0 whip; a gnoll corpse The wyvern bites you!
* * * LOW HITPOINT WARNING * * *
You see here a water moccasin corpse.
The wyvern bites you!
* * * LOW HITPOINT WARNING * * *
Aiming: Breathe Steam (1% risk of failure)
Press: ? - help, Shift-Dir - straight line, f - wyvern
Aim: a wyvern (71% to hit)
You exhale a blast of scalding steam.
The ball of steam misses the wyvern.
The wyvern is engulfed in a cloud of scalding steam.
The wyvern closely misses you.
Unknown command.
You hit the wyvern. You drain the wyvern. You punch the wyvern.
The wyvern is moderately wounded.
The wyvern is engulfed in a cloud of scalding steam.
The wyvern bites you but does no damage.
The wyvern is engulfed in a cloud of scalding steam.
The wyvern bites you!
* * * LOW HITPOINT WARNING * * *
You barely miss the wyvern.
The wyvern is severely wounded.
The wyvern barely misses you. The wyvern bites you!
You die...

################.....#.#.##.#
.....................#.#.##.#
###############......#.#.##'##
#...........#.......<#.#.....#
##.#####..#.#.#.##...#.#.....#
#.# #......#.##...#.#.....####
#.# #....#.#.####...#.....'...
#.#####....#.#§####...).....####
#............#§@l§'..).)#####
####################.)...# ###
...................[.)>..# #..
###########...###..)....### #.#
#...# #.........# #.# #...#
#...##+#..# #.# #...#
#...##.#..# #.. #...#
#...##.#..# #..
##...########.#..# #.#


You could see a wyvern (drained).

Vanquished Creatures
  A wyvern (D:4)
  Eustachio (D:3)
  Menkaure (D:4)
  An acid dragon (D:5)
  4 water moccasins
  Duvessa (D:4)
  A sky beast (D:5)
  A necrophage (D:5)
  2 phantoms
  2 wyvern zombies (D:5)
  2 scorpions
  2 water moccasin skeletons (D:5)
  A wyvern skeleton (D:5)
  Dowan (D:4)
  A howler monkey (D:7)
  2 bullfrog skeletons (D:6)
  3 hounds
  2 jellies
  2 bullfrog zombies (D:5)
  A centaur skeleton (D:6)
  An orc priest (D:4)
  An iguana (D:5)
  A killer bee zombie (D:5)
  A hound skeleton (D:5)
  2 howler monkey zombies
  A howler monkey skeleton (D:5)
  11 gnolls
  6 adders
  A white imp (D:6)
  An ufetubus (D:4)
  2 adder skeletons
  3 worms
  2 dart slugs
  5 orcs
  9 endoplasms
  3 giant cockroaches
  4 goblins
  4 hobgoblins
  9 jackals
  3 quokkas
  10 ball pythons
  4 bats
  5 frilled lizards
  10 kobolds
  3 rats
134 creatures vanquished.

Vanquished Creatures (others)
  A human (D:4)
1 creature vanquished.

Grand Total: 135 creatures vanquished

Notes
Turn   | Place    | Note
-------+----------+-------------------------------------------
     0 | D:1      | pkoi the Draconian Air Elementalist began the quest for the
                  | Orb.
     0 | D:1      | Reached XP level 1. HP: 14/14 MP: 3/3
   317 | D:1      | Reached XP level 2. HP: 20/20 MP: 1/5
  1153 | D:1      | Found Alaivvae's Assorted Antiques.
  1272 | D:1      | Reached skill level 4 in Air Magic
  1459 | D:1      | Found Yloroore's Antique Armour Shop.
  1776 | D:1      | Found Xeerchoam's Armour Emporium.
  1836 | D:2      | Reached XP level 3. HP: 17/26 MP: 1/6
  2726 | D:1      | Learned a level 3 spell: Swiftness
  2834 | D:2      | Reached XP level 4. HP: 33/33 MP: 1/7
  2902 | D:2      | Reached skill level 5 in Air Magic
  3674 | D:3      | You fall into a shaft and drop 1 floor!
  3957 | D:3      | Identified the +5 long sword of the Middle {drain, rElec
                  | rPois Int+2}
  4502 | D:3      | Reached XP level 5. HP: 38/38 MP: 1/8
  5076 | D:4      | Noticed a water moccasin
  5092 | D:4      | Killed a water moccasin
  5093 | D:4      | Reached skill level 6 in Air Magic
  5255 | D:4      | Learned a level 4 spell: Airstrike
  5268 | D:4      | Found a shadowy altar of Dithmenos.
  5285 | D:4      | Noticed Eustachio
  5558 | D:4      | Reached XP level 6. HP: 45/45 MP: 6/9
  5597 | D:4      | Noticed Dowan
  5599 | D:4      | Noticed Duvessa
  5624 | D:4      | Killed Dowan
  5625 | D:4      | Reached skill level 7 in Air Magic
  5702 | D:4      | Killed Duvessa
  6058 | D:4      | Noticed Menkaure
  6288 | D:4      | Killed Menkaure
  6289 | D:4      | Reached skill level 8 in Air Magic
  6289 | D:4      | Your scales start taking on a pale cyan-grey colour.
  6289 | D:4      | Reached skill level 9 in Air Magic
  6289 | D:4      | Reached XP level 7. HP: 50/50 MP: 1/10
  6289 | D:4      | Gained mutation: You are immune to the effects of steam.
                  | [Pale Draconian growth]
  6376 | D:4      | Found a sparkling altar of Nemelex Xobeh.
  6694 | D:4      | Found an ancient bone altar of Kikubaaqudgha.
  6695 | D:4      | Noticed a human
  6699 | D:4      | Killed a human
  6822 | D:5      | Entered Level 5 of the Dungeon
  6822 | D:5      | Noticed a wyvern
  6827 | D:4      | Killed a wyvern
  6910 | D:5      | Reached skill level 10 in Air Magic
  6910 | D:5      | Found a sacrificial altar of Ru.
  7706 | D:5      | Reached XP level 8. HP: 57/57 MP: 5/11
  8035 | D:5      | Reached skill level 11 in Air Magic
  8734 | D:5      | Found a shimmering altar of Xom.
  8737 | D:5      | Found a shimmering altar of Xom.
  8737 | D:5      | Found a shimmering altar of Xom.
  8742 | D:5      | Found a shimmering altar of Xom.
  9275 | D:5      | Found a bloodstained altar of Trog.
  9479 | D:6      | Found a runed translucent gate.
  9489 | D:6      | Found a runed translucent gate.
  9489 | D:6      | Found a runed translucent gate.
  9489 | D:6      | Noticed Strat's ghost (novice MfGl)
 10048 | D:6      | Learned a level 3 spell: Inner Flame
 10121 | D:3      | Killed Eustachio
 10122 | D:3      | Reached skill level 1 in Fighting
 10122 | D:3      | Reached skill level 1 in Unarmed Combat
 10122 | D:3      | Reached XP level 9. HP: 64/64 MP: 2/15
 10358 | D:1      | Bought a scroll labelled ONOIXK PIEQEMM for 19 gold pieces
 10358 | D:1      | Bought a fizzy cyan potion for 17 gold pieces
 10358 | D:1      | Bought a bubbling red potion for 17 gold pieces
 11109 | D:6      | Found a staircase to the Ecumenical Temple.
 11131 | Temple   | Entered the Ecumenical Temple
 11539 | Temple   | Became a worshipper of Sif Muna the Loreminder
 11792 | D:6      | Found an opulent altar of Gozag.
 12234 | D:6      | Reached skill level 1 in Fire Magic
 12395 | D:6      | Slain by a wyvern

Illustrated notes

Levels and vault maps discovered:
D:1:      minmay_arrival_loop, layout_loops_corners, serial_shops,
          nicolae_shop_advertising_works [nicolae_subvault_shop_adworks], shop,
          shop_fountains, minmay_octomino_j4
D:2:      layout_basic
D:3:      layout_rooms, minivault_19
D:4:      wander_river, layout_basic, mainiacjoe_overflow_tiny_flanked,
          tgw_kikubaaqudgha, nemelex_diamond_rough_becter, uniq_menkaure,
          uniq_eustachio, uniq_duvessa
D:5:      layout_basic, lightli_temple_of_fire, old_standard_altar,
          xom_redecorated, serial_undead, serial_undead_a, serial_undead_d,
          serial_undead_b, serial_undead_a, serial_park_tiny_2,
          corexii_leaking_fountain
D:6:      layout_basic, nicolae_overflow_hidden_temple,
          minmay_temple_entry_tees, biasface_ghost_orc_armoury
D:7:      layout_cave_pools, uniq_maggie
Temple:   hc_temple_tempest_star

Skill      XL: |  1  2  3  4  5  6  7  8  9 |
---------------+----------------------------+-----
Air Magic      | 4 5 6 9 10 11 | 11.6
Conjurations   | 3 4 |  4.2
Spellcasting   | 4 |  4.3
Dodging        | 2 |  2.6
Fighting       | 1 2 |  2.0
Unarmed Combat | 1 2 |  2.0
Fire Magic     | 1 |  1.1
Stealth        | |  1.7
Hexes          | |  0.7
Invocations    | |  0.6

Action                   |  1- 3 |  4- 6 |  7- 9 || total
-------------------------+-------+-------+-------++-------
Melee: Short sword       |    18 |       |       ||    18
       Tailslap          |     6 |     2 |     5 ||    13
       Unarmed           |     1 |       |       ||     1
       Dagger            |    14 |     1 |       ||    15
       Long sword        |       |    48 |    41 ||    89
       Punch             |       |       |     1 ||     1
 Cast: Shock             |    79 |    93 |    35 ||   207
       Airstrike         |       |     4 |    57 ||    61
 Abil: Breathe Steam     |       |       |     8 ||     8
  Use: Scroll            |     4 |     1 |     6 ||    11
       Potion            |       |     5 |       ||     5
Armor: Skin              |    11 |    68 |    35 ||   114
Dodge: Dodged            |    29 |    47 |    65 ||   141
